 Dungeon Crawl Stone Soup version 0.19.5 (webtiles) character file.

18426 mcbry the Spear-Bearer (level 12, -2/94 HPs)
             Began as a Merfolk Fighter on May 8, 2017.
             Was an Elder of Qazlal.
             Slain by a large slime creature (19 damage)
             ... on level 13 of the Dungeon.
             The game lasted 01:39:32 (14619 turns).

mcbry the Spear-Bearer (Merfolk Fighter)           Turns: 14619, Time: 01:39:33

Health: -2/94      AC: 15    Str: 19    XL:     12   Next: 58%
Magic:  13/13      EV:  8    Int:  9    God:    Qazlal [****..]
Gold:   913        SH: 27    Dex: 18    Spells: 0 memorised, 11 levels left

rFire  . . .     SeeInvis .     a - +3 spear (flame)
rCold  . . .     Gourm    .     C - +1 chain mail of Xuut {Str+2 Dex+2}
rNeg   . . .     Faith    .     m - +3 large shield
rPois  .         Spirit   .     k - +1 hat
rElec  .         Reflect  .     (no cloak)
rCorr  +         Harm     .     (no gloves)
MR     .....                    R - +2 pair of boots
Stlth  ..........               (no amulet)
                                d - ring of resist corrosion
                                E - ring of stealth

@: repel missiles
A: change form in water, swift swim, stealthy swim
a: Upheaval, Elemental Force, Renounce Religion


You were on level 13 of the Dungeon.
You worshipped Qazlal.
Qazlal was greatly pleased with you.
You were not hungry.

You visited 1 branch of the dungeon, and saw 13 of its levels.

You collected 913 gold pieces.

Inventory:

Hand Weapons
 a - a +3 spear of flaming (weapon)
 b - a +0 blowgun
 L - the +9 dagger "Kask" {freeze, rPois rC- MP+9 Int+2, unknown}
   (You found it on level 7 of the Dungeon)

   It has been specially enchanted to freeze those struck by it, causing extra
   injury to most foes and up to half again as much damage against particularly
   susceptible opponents.
   It can also slow down cold-blooded creatures.
   It affects your intelligence (+2).
   It makes you vulnerable to cold.
   It protects you from poison.
   It affects your magic capacity (+9).
 P - a cursed -2 dagger (quivered)
Missiles
 S - 23 poisoned needles
 V - a throwing net
Armour
 k - a +1 hat (worn)
 l - the +5 scale mail "Ykhleamud" {Int+3, unknown}
   (You found it on level 12 of the Dungeon)

   It affects your intelligence (+3).
 m - a +3 large shield (worn)
 w - a +0 helmet
 C - the +1 chain mail of Xuut (worn) {Str+2 Dex+2}
   (You took it off an orc on level 9 of the Dungeon)

   It affects your strength (+2).
   It affects your dexterity (+2).
 R - a +2 pair of boots (worn)
 Y - a +2 robe
Rods
 r - a -2 lightning rod (1/16)
   (You found it on level 4 of the Dungeon)
Jewellery
 d - a ring of resist corrosion (right hand)
 e - an uncursed ring of positive energy
 A - a +3 ring of slaying {unknown}
 D - an uncursed ring of resist corrosion
 E - a ring of stealth (left hand)
 F - an uncursed ring of flight
 H - an uncursed ring of positive energy
Wands
 s - a wand of flame (7/48)
 W - a wand of paralysis (5/24)
 X - a wand of lightning (8/15)
Scrolls
 c - 2 scrolls of remove curse
 j - 8 scrolls of teleportation
 o - a scroll of recharging
 y - 4 scrolls of amnesia
 U - a scroll of blinking
Potions
 g - a potion of cure mutation {unknown}
 i - 3 potions of brilliance
 n - 3 potions of heal wounds
 p - a potion of flight
 q - 3 potions of invisibility
 t - 7 potions of mutation {unknown}
 u - a potion of cancellation {unknown}
 z - a potion of magic {unknown}
 B - 3 potions of curing {unknown}
 G - a potion of beneficial mutation {unknown}
 K - a potion of lignification {unknown}
 M - a potion of resistance
 Z - a potion of ambrosia {unknown}
Miscellaneous
 x - a lamp of fire (inert)
Comestibles
 f - 8 bread rations
 h - 5 meat rations
 N - 2 beef jerkies
 O - 4 slices of pizza


   Skills:
 + Level 8.4 Fighting
 + Level 13.0 Polearms
 * Level 8.8 Throwing
 + Level 6.0 Armour
 + Level 5.6 Dodging
 + Level 1.0 Stealth
 + Level 11.6 Shields
 + Level 0.9 Invocations
 + Level 2.1 Evocations


You had 11 spell levels left.
You didn't know any spells.

Dungeon Overview and Level Annotations

Branches:
Dungeon (13/15)            Temple (0/1) D:6            Lair (0/6) D:11
    Orc (0/2) D:10
 Vaults: D:13-14

Altars:
Ashenzari
Dithmenos
Gozag
Hepliaklqana
Makhleb
Nemelex Xobeh
Qazlal
Trog
Xom
The Shining One

Shops:
D:5 %   D:6 :

Portals:
Trove: D:12 (give +6 demon whip)


Message History

You puncture the large slime creature! You burn the large slime creature.
The large slime creature is severely wounded.
You puncture the large slime creature! You burn the large slime creature.
The large slime creature is severely wounded.
You block the large slime creature's attack.
You hit the large slime creature. You burn the large slime creature.
The large slime creature is severely wounded.
Your shield and chain mail of Xuut prevent you from hitting the large slime creature.
The large slime creature is severely wounded.
You block the large slime creature's attack.
You hit the large slime creature. You burn the large slime creature.
The large slime creature is severely wounded.
The large slime creature hits you!!
* * * LOW HITPOINT WARNING * * *
You hit the large slime creature. You burn the large slime creature.
The large slime creature is severely wounded.
You puncture the large slime creature! You burn the large slime creature.
The large slime creature is almost dead.
The large slime creature hits you!!
You die...

#.#.... #.#.###
#######.#..##
.............
.............
.............
.[...........
#################.##.##
#...JJ@...........##...
##.####################
#...J..................
##############.#....###
#.#....# #.#J...#
#.#....# #.#....##
#.......#


You could see an enormous slime creature and a large slime creature.

Vanquished Creatures
  Harold (D:10)
  A hill giant (D:13)
  2 unseen horrors
  The ghost of mcbry the Covert, a novice OpAs of Okawaru (D:6)
  A manticore (D:13)
  2 ugly things
  Joseph (D:7)
  Psyche (D:11)
  A centaur skeleton (D:13)
  2 kobold demonologists (D:12)
  4 trolls
  A guardian mummy (D:12)
  2 hornets
  A slime creature (D:13)
  3 hippogriffs
  17 yaks
  4 hogs (D:7)
  2 shadows
  A human (D:7)
  A basilisk (D:13)
  3 hungry ghosts
  Menkaure (D:6)
  A mottled dragon (D:11)
  A water moccasin (D:8)
  8 orc warriors
  A black bear (D:8)
  2 sky beasts
  7 ice beasts
  3 phantoms
  6 ogres
  3 centaurs
  4 big kobolds
  6 bullfrogs
  2 wyvern skeletons
  6 scorpions
  12 killer bees
  4 electric eels (D:9)
  9 crimson imps
  2 centaur zombies
  A quasit (D:11)
  2 bullfrog zombies
  4 jellies
  8 hounds
  7 orc priests
  10 orc wizards
  A bullfrog skeleton (D:7)
  4 iguanas
  12 worker ants
  A hound skeleton (D:6)
  A worker ant zombie (D:5)
  10 adders
  6 shadow imps
  2 oozes
  2 adder skeletons
  An adder zombie (D:8)
  5 worms
  3 dart slugs
  3 leopard geckos
  54 orcs
  6 bats
  7 giant cockroaches
  8 hobgoblins
  7 jackals
  27 kobolds
  3 quokkas
  A ball python skeleton (D:5)
  4 frilled lizards
  8 goblins
  A jackal skeleton (D:7)
  A jackal zombie (D:6)
  A leopard gecko skeleton (D:8)
  3 quokka skeletons
  10 rats
354 creatures vanquished.

Notes
Turn   | Place    | Note
-------+----------+-------------------------------------------
     0 | D:1      | mcbry the Merfolk Fighter began the quest for the Orb.
     0 | D:1      | Reached XP level 1. HP: 18/18 MP: 1/1
    44 | D:1      | Reached XP level 2. HP: 21/24 MP: 2/2
   240 | D:1      | Reached XP level 3. HP: 13/29 MP: 3/3
   860 | D:2      | You fall through a shaft!
  1065 | D:2      | Found an opulent altar of Gozag.
  1279 | D:2      | Reached XP level 4. HP: 26/37 MP: 4/4
  1515 | D:2      | Reached skill level 4 in Polearms
  1634 | D:2      | Found a burning altar of Makhleb.
  1697 | D:2      | Reached skill level 1 in Throwing
  1978 | D:3      | Reached XP level 5. HP: 42/42 MP: 5/5
  2126 | D:3      | Found a stormy altar of Qazlal.
  2131 | D:3      | Became a worshipper of Qazlal Stormbringer
  2537 | D:4      | Reached XP level 6. HP: 48/48 MP: 6/6
  3370 | D:5      | Entered Level 5 of the Dungeon
  3376 | D:5      | Reached skill level 1 in Dodging
  3493 | D:5      | Reached skill level 5 in Polearms
  3741 | D:5      | Reached XP level 7. HP: 41/54 MP: 7/7
  3750 | D:5      | Found a shattered altar of Ashenzari.
  3815 | D:5      | Found Seituiz's Food Emporium.
  3836 | D:5      | Found a bloodstained altar of Trog.
  4102 | D:5      | Reached skill level 6 in Polearms
  4356 | D:6      | Found a staircase to the Ecumenical Temple.
  4407 | D:6      | Reached skill level 5 in Shields
  4692 | D:6      | Reached * piety under Qazlal
  4750 | D:6      | Found Huegikan's Book Emporium.
  4758 | D:6      | Reached skill level 7 in Polearms
  4794 | D:6      | Reached XP level 8. HP: 55/61 MP: 8/8
  4868 | D:6      | Found a shattered altar of Ashenzari.
  4870 | D:6      | Noticed Menkaure
  4914 | D:6      | Killed Menkaure
  5088 | D:6      | Noticed mcbry's ghost (novice OpAs)
  5106 | D:6      | Killed mcbry's ghost
  5106 | D:6      | Reached skill level 5 in Fighting
  5106 | D:6      | Reached skill level 8 in Polearms
  5239 | D:7      | Noticed a yak
  5249 | D:7      | Noticed a yak
  5259 | D:7      | Reached XP level 9. HP: 60/68 MP: 9/9
  5268 | D:7      | Reached skill level 9 in Polearms
  5291 | D:7      | Reached skill level 5 in Throwing
  5294 | D:7      | Reached ** piety under Qazlal
  5515 | D:7      | Noticed Joseph
  5548 | D:7      | Killed Joseph
  5548 | D:7      | Reached skill level 10 in Polearms
  5755 | D:7      | Reached XP level 10. HP: 27/76 MP: 10/10
  5985 | D:7      | Found a shimmering altar of Xom.
  6215 | D:7      | Noticed a moth of wrath
  6218 | D:7      | Found a bloodstained altar of Trog.
  6432 | D:7      | Got a polished dagger
  6832 | D:8      | Reached skill level 11 in Polearms
  6841 | D:8      | Reached *** piety under Qazlal
  7924 | D:9      | Found a hazy altar of Hepliaklqana.
  8146 | D:9      | Found a sparkling altar of Nemelex Xobeh.
  8548 | D:9      | Got a scorched chain mail
  8559 | D:9      | Identified the cursed +1 chain mail of Xuut {Str+2 Dex+2} (You took it off an orc on level 9 of the Dungeon)
  8698 | D:9      | Reached skill level 5 in Dodging
  9224 | D:9      | Reached XP level 11. HP: 74/83 MP: 11/11
  9265 | D:9      | Reached **** piety under Qazlal
  9298 | D:9      | Reached skill level 1 in Evocations
  9305 | D:9      | Reached skill level 12 in Polearms
  9527 | D:9      | Found a glowing golden altar of the Shining One.
  9648 | D:10     | Entered Level 10 of the Dungeon
 10255 | D:10     | Found a staircase to the Orcish Mines.
 10350 | D:10     | Noticed a brown ugly thing
 10363 | D:10     | Killed an unseen horror
 10379 | D:10     | Killed a brown ugly thing
 10441 | D:10     | Noticed Harold
 10477 | D:10     | Killed Harold
 10477 | D:10     | Reached skill level 5 in Armour
 10477 | D:10     | Reached skill level 10 in Shields
 10977 | D:11     | Reached ***** piety under Qazlal
 11020 | D:11     | Noticed Psyche
 11022 | D:11     | Killed Psyche
 11028 | D:11     | Found a staircase to the Lair.
 11102 | D:11     | Killed an unseen horror
 11363 | D:11     | Reached skill level 1 in Stealth
 12261 | D:12     | Got a faintly humming scale mail
 12283 | D:12     | Found a shadowy altar of Dithmenos.
 12527 | D:12     | Reached XP level 12. HP: 59/92 MP: 13/13
 13007 | D:12     | Found a portal to a secret trove of treasure.
 14292 | D:13     | Reached skill level 13 in Polearms
 14619 | D:13     | Slain by a large slime creature

Skill      XL: |  1  2  3  4  5  6  7  8  9 10 11 12 |
---------------+-------------------------------------+-----
Polearms       | 4 5 7 8 10 11 12 13 | 13.0
Throwing       | 1 2 3 4 5 6 8 |  8.8
Shields        | 4 5 6 7 9 10 11 | 11.6
Armour         | 3 4 5 6 |  6.0
Dodging        | 1 3 5 |  5.6
Fighting       | 4 5 6 7 8 |  8.4
Evocations     | 1 2 |  2.1
Stealth        | 1 |  1.0
Invocations    | |  0.9

Action                   |  1- 3 |  4- 6 |  7- 9 | 10-12 || total
-------------------------+-------+-------+-------+-------++-------
Melee: Trident           |   129 |    71 |       |       ||   200
       Spear             |       |   120 |   343 |  1339 ||  1802
       Tailslap          |       |       |       |     5 ||     5
       Blowgun           |       |       |       |     9 ||     9
 Fire: Blowgun           |       |       |       |     8 ||     8
Invok: Upheaval          |       |       |       |     9 ||     9
Evoke: Rod               |       |    11 |     1 |    24 ||    36
       Wand              |       |       |       |     4 ||     4
       Lamp of fire      |       |       |       |     1 ||     1
  Use: Scroll            |       |    10 |       |    16 ||    26
       Potion            |       |       |     1 |     5 ||     6
 Stab: Sleeping          |       |     1 |       |       ||     1
  Eat: Meat ration       |     1 |       |       |     3 ||     4
       Chunk             |       |     4 |     7 |     7 ||    18
       Beef jerky        |       |     1 |       |       ||     1
       Pizza             |       |       |       |     3 ||     3
       Bread ration      |       |       |       |     2 ||     2
Armor: Scale mail        |     5 |    16 |    66 |    82 ||   169
       Ring mail         |    37 |    22 |       |       ||    59
       Leather armour    |       |     6 |       |       ||     6
       Chain mail        |       |       |       |   123 ||   123
Dodge: Dodged            |    27 |    30 |    36 |    95 ||   188
       Deflected         |       |       |       |     3 ||     3
Block: Shield            |    45 |       |       |       ||    45
       Large shield      |    11 |   106 |   212 |   833 ||  1162
